 Dungeon Crawl Stone Soup version 0.29.1-15-g9cfb28693d (webtiles) character file.

Game seed: 7245904131042901580

33565 boopmooplesden the Severer (level 13, -2/83 HPs)
             Began as a Minotaur Fighter on Mar 16, 2023.
             Was the Champion of Okawaru.
             Slain by a tentacled starspawn (9 damage)
             ... on level 3 of the Abyss.
             The game lasted 00:19:26 (17539 turns).

boopmooplesden the Severer (Minotaur Fighter)      Turns: 17539, Time: 00:19:27

Health: -2/83      AC: 13    Str: 25 (26) XL:     13   Next: 37%
Magic:  9/9        EV:  4    Int:  1      God:    Okawaru [******]
Gold:   1011       SH: 11    Dex:  6      Spells: 12/12 levels left

rFire   + . .      SeeInvis +   T - +0 broad axe of Veigupu {elec, rPois rN+}
rCold   . . .      Faith    .   O - +1 kite shield of Monotheism {rN+}
rNeg    + + +      Spirit   .   y - +0 plate armour
rPois   +          Reflect  .   Q - +2 hat {SInv}
rElec   .          Harm     .   m - scarf {repulsion}
rCorr   .          Rampage  .   (no gloves)
Will    .....                   (no boots)
Stlth   ..........              x - amulet of regeneration
HPRegen 0.00/turn               A - ring of protection from fire
MPRegen 0.11/turn               H - ring of positive energy

@: sick, constricted, repel missiles, unable to drink
A: horns 2, retaliatory headbutt, [clumsy 2], [deformed body], [deterioration
2], [dopey 2], [frail 3], [low MP 3], [screaming 2], [inability to drink after
injury 2]
a: Renounce Religion, Heroism, Finesse, Duel


You were on level 3 of the Abyss.
You worshipped Okawaru.
Okawaru was exalted by your worship.
You visited 2 branches of the dungeon, and saw 15 of its levels.
You visited the Abyss 1 time.
You also visited: Sewer.

You collected 1011 gold pieces.

Inventory:

Hand Weapons
 a - a +3 war axe of flaming
 K - a +0 executioner's axe of venom
 T - the +0 broad axe of Veigupu (weapon) {elec, rPois rN+}
   (Okawaru gifted it to you on level 13 of the Dungeon)

   It occasionally discharges a powerful burst of electricity upon striking a
   foe.
   rPois:     It protects you from poison.
   rN:        It protects you from negative energy.
Missiles
 l - 4 javelins (quivered)
 R - a throwing net
Armour
 b - a +0 scale mail
 c - a +1 buckler
 d - a +0 pair of boots
 m - a scarf of repulsion (worn)
 s - +0 steam dragon scales
 y - a +0 plate armour (worn)
 O - the +1 kite shield of Monotheism (worn) {rN+}
   (You found it on level 11 of the Dungeon)

   rN:        It protects you from negative energy.
 Q - a +2 hat of see invisible (worn)
Jewellery
 x - an amulet of regeneration (around neck)
 A - a ring of protection from fire (left hand)
 E - an amulet of guardian spirit
 H - a ring of positive energy (right hand)
 N - a ring of positive energy
Wands
 p - a wand of digging (6)
 v - a wand of flame (17)
 w - a wand of roots (7)
 G - a wand of paralysis (3)
 J - a wand of mindburst (4)
 M - a wand of acid (2)
Scrolls
 e - 4 scrolls of amnesia
 i - 14 scrolls of identify
 k - 3 scrolls of magic mapping
 n - 10 scrolls of teleportation
 D - 2 scrolls of fear
 I - 2 scrolls of brand weapon
 P - a scroll of blinking
 S - a scroll of enchant armour
Potions
 f - 3 potions of haste {unknown}
 g - 2 potions of brilliance
 h - 5 potions of heal wounds
 j - 2 potions of attraction {unknown}
 o - 2 potions of cancellation {unknown}
 q - 4 potions of resistance {unknown}
 r - 3 potions of lignification {unknown}
 t - 8 potions of curing {unknown}
 u - a potion of might
 z - 2 potions of invisibility {unknown}
 B - 3 potions of ambrosia {unknown}
 C - 2 potions of mutation {unknown}
 F - 3 potions of magic {unknown}
 L - a potion of degeneration {unknown}


   Skills:
 + Level 12.4 Fighting
 + Level 16.8 Axes
 + Level 1.3 Throwing
 + Level 14.7 Armour
 + Level 3.5 Dodging
 + Level 1.6 Stealth
 + Level 10.4 Shields
 + Level 3.1 Invocations


You had 12 spell levels left.
You didn't know any spells.
Your spell library contained the following spells:

 Spells                   Type           Power      Damage    Failure   Level
 Magic Dart               Conj           0%         1d3       100%        1
 Necrotise                Necr           0%         1d4       100%        1
 Blink                    Tloc           0%         N/A       100%        2
 Ensorcelled Hibernation  Hex/Ice        0%         N/A       100%        2
 Sublimation of Blood     Necr           0%         N/A       100%        2
 Dazzling Flash           Conj/Hex       0%         N/A       100%        3
 Frozen Ramparts          Ice            0%         1d1       100%        3
 Lesser Beckoning         Tloc           0%         N/A       100%        3
 Mephitic Cloud           Conj/Pois/Air  0%         N/A       100%        3
 Spider Form              Tmut/Pois      0%         N/A       100%        3
 Stone Arrow              Conj/Erth      0%         3d7       100%        3
 Anguish                  Hex/Necr       0%         N/A       100%        4
 Cause Fear               Hex            0%         N/A       100%        4
 Corpse Rot               Necr/Pois/Air  0%         N/A       100%        4
 Dispel Undead            Necr           0%         3d6       100%        4
 Ice Form                 Ice/Tmut       0%         N/A       100%        4
 Petrify                  Tmut/Erth      0%         N/A       100%        4
 Agony                    Necr           0%         N/A       100%        5
 Irradiate                Conj/Tmut      0%         3d11      100%        5
 Manifold Assault         Tloc           0%         N/A       100%        5
 Silence                  Hex/Air        0%         N/A       100%        5
 Dragon Form              Tmut           0%         N/A       100%        7
 Lehudib's Crystal Spear  Conj/Erth      0%         10d2      100%        8
 Call Imp                 Summ           Unusable   N/A       N/A         2
 Animate Armour           Summ/Erth      Unusable   N/A       N/A         4
 Summon Ice Beast         Ice/Summ       Unusable   N/A       N/A         4
 Death Channel            Necr           Unusable   N/A       N/A         6
 Dragon's Call            Summ           Unusable   N/A       N/A         9

Dungeon Overview and Level Annotations

Branches:
Dungeon (14/15)            Temple (1/1) D:4            Lair (0/5) D:9
    Orc (0/2) D:10         Vaults (0/5) D:13          Sewer (visited)

Altars:
Ashenzari
Cheibriados
Dithmenos
Elyvilon
Fedhas
Gozag
Hepliaklqana
Kikubaaqudgha
Makhleb
Nemelex Xobeh
Okawaru
Qazlal
Ru
Sif Muna
Trog
Uskayaw
Vehumet
Wu Jian
Xom
Yredelemnul
Zin
The Shining One
Lugonu

Shops:
D:2 (   D:3 (   D:4 (=((   D:6 *   D:9 *   D:10 :

Portals:
Abyss: D:3

Annotations:
D:5 1 runed translucent door, Crazy Yiuf


Innate Abilities, Weirdness & Mutations

You have a pair of horns on your head.
You reflexively headbutt those who attack you in melee.
[You are very clumsy. (Dex -4)]
[Armour fits poorly on your strangely shaped body.]
[Your body often deteriorates upon taking damage.]
[You are very dopey. (Int -4)]
[You are extremely frail. (-30% HP)]
[Your magical capacity is extremely low. (-30% MP)]
[You frequently scream uncontrollably at your foes.]
[You sometimes lose the ability to drink potions when taking damage.]


Message History

The wretched star pulses with an eldritch light!
You feel less energetic.
You feel much better.
The wretched star glows turbulently.
The lance of force misses you.
A tentacled starspawn comes into view.
The wretched star glows turbulently.
The lance of force hits you!
You feel threatened and lose the ability to drink potions!
You are knocked back by the lance of force.
Tentacles burst from the starspawn's body! 2 starspawn tentacles come into view.
You slash the wretched star!
The wretched star is severely damaged.
You barely miss the wretched star. Your headbutt misses the wretched star.
The wretched star is severely damaged.
You hit the starspawn tentacle but do no damage.
You can drink potions again.
The starspawn tentacle grabs you. The starspawn tentacle constricts you.
The starspawn tentacle loses its grip on you.
The tentacle pulls you backwards!
A starspawn tentacle segment comes into view. x2
The wretched star glows turbulently.
The lance of force misses you.
You block the starspawn tentacle's attack.
You hit the wretched star. You headbutt the wretched star!
The wretched star is almost destroyed.
You hit the starspawn tentacle but do no damage.
Lightning courses through the starspawn tentacle!
You hit the starspawn tentacle but do no damage.
You slash the tentacled starspawn!
The wretched star pulses with an eldritch light!
Your body twists and deforms.
The starspawn tentacle grabs you. The starspawn tentacle constricts you.
The tentacled starspawn bites you!!
You feel threatened and lose the ability to drink potions!
* * * LOW HITPOINT WARNING * * *
Your body deteriorates!
You feel weakened.
The tentacled starspawn tentacle-slaps you!
You die...

# #####
################## .
....☼...................
... ○..........Λ........
...
☼☼.....#...ww>.......
....#
.(......*@X........ .
..################### #
.[.. . #..... ... ......
. .. . ....# ....... . #
. . . .' #>. .... . .
...


You could see a tentacled starspawn, a wretched star and 2 starspawn tentacles.

Vanquished Creatures
  A vault guard (D:13)
  A fire dragon (D:13)
  Josephine (D:14)
  A boulder beetle (D:13)
  The ghost of brody1818 the Basher, a journeyman DsGl (D:10)
  2 hydras (D:10)
  3 centaur warriors
  5 two-headed ogres
  4 skeletal warriors (D:12)
  2 swamp dragons (Abyss:3)
  2 deep elf pyromancers
  A harpy (D:13)
  4 cyclopes
  8 ugly things
  A gargoyle (D:12)
  2 unseen horrors
  3 kobold demonologists (D:10)
  A freezing wraith (D:14)
  2 komodo dragons
  An ancient zyme (Abyss:3)
  3 trolls
  A hornet (D:8)
  A wind drake (shapeshifter) (D:14)
  2 slime creatures (D:12)
  Sigmund (D:3)
  A spriggan (D:12)
  2 shadows (D:11)
  6 wraiths
  13 yaks
  6 wyverns
  A basilisk (D:9)
  A human (D:12)
  3 vampire mosquitoes (D:9)
  A steam dragon (D:6)
  An acid dragon (D:11)
  3 water moccasins
  6 orc warriors
  A swamp drake (D:9)
  2 sky beasts (D:7)
  An ice beast (D:7)
  4 boggarts (D:14)
  A small abomination (Abyss:3)
  2 ogres
  7 centaurs
  4 phantoms
  11 kobold brigands (D:10)
  4 bullfrogs
  A gnoll sergeant (D:9)
  2 necrophages
  9 scorpions
  14 killer bees
  7 howler monkeys
  A crimson imp (D:12)
  2 lava snakes
  5 hounds
  4 orc priests
  A jelly (D:6)
  Jessica (D:2)
  5 iguanas
  15 orc wizards
  The ghost of croobank the Sneak, a weakling OpDe (D:3)
  Robin (D:3)
  10 adders
  2 gnolls (D:9)
  A shadow imp (D:5)
  2 white imps
  3 ufetubi
  48 orcs
  4 endoplasms
  2 giant cockroaches (D:5)
  11 goblins
  14 hobgoblins
  8 jackals
  5 quokkas
  5 ball pythons
  4 bats
  2 frilled lizards
  7 kobolds
  4 rats
336 creatures vanquished.

Vanquished Creatures (others)
  3 gnolls (D:9)
  2 lurking horrors (D:3)
5 creatures vanquished.

Grand Total: 341 creatures vanquished

Notes
Turn   | Place    | Note
-------+----------+-------------------------------------------
     0 | D:1      | boopmooplesden the Minotaur Fighter began the quest for the
                  | Orb.
     0 | D:1      | Reached XP level 1. HP: 19/19 MP: 0/0
   234 | D:1      | Reached XP level 2. HP: 26/27 MP: 1/1
   534 | D:1      | Found a faded altar of an unknown god.
  1084 | D:2      | Reached skill level 3 in Axes
  1084 | D:2      | Reached XP level 3. HP: 14/33 MP: 2/2
  1134 | D:2      | Noticed Jessica
  1138 | D:2      | Killed Jessica
  1139 | D:2      | Reached skill level 1 in Dodging
  1579 | D:2      | Reached XP level 4. HP: 28/40 MP: 3/3
  1673 | D:2      | Found Nouset's Weapon Boutique.
  2235 | D:3      | Found a shimmering altar of Xom.
  2362 | D:3      | Found a basalt altar of Yredelemnul.
  2364 | D:3      | Noticed a profane servitor
  2374 | D:3      | Found a glowing golden altar of the Shining One.
  2376 | D:3      | Noticed an angel
  2436 | D:3      | Reached skill level 4 in Axes
  2521 | D:3      | Noticed Robin
  2531 | D:3      | Killed Robin
  2532 | D:3      | Reached XP level 5. HP: 44/46 MP: 4/4
  2568 | D:3      | Found a large runed translucent door.
  2568 | D:3      | Found a large runed translucent door.
  2571 | D:3      | Noticed croobank's ghost (weakling OpDe)
  2602 | D:3      | Found a corrupted altar of Lugonu.
  2605 | D:3      | Found a one-way gate to the infinite horrors of the Abyss.
  3015 | D:3      | Found Gofukla's Weapon Shoppe.
  3017 | D:3      | Noticed Sigmund
  3027 | D:3      | Killed Sigmund
  3028 | D:3      | Reached skill level 5 in Axes
  3028 | D:3      | Reached skill level 5 in Armour
  3028 | D:3      | Reached XP level 6. HP: 35/53 MP: 5/5
  3288 | D:3      | Killed croobank's ghost
  3392 | D:4      | Found Rec Boy's Weapon Shoppe.
  3398 | D:4      | Found Iroschime's Jewellery Shoppe.
  3408 | D:4      | Found a staircase to the Ecumenical Temple.
  3432 | Temple   | Entered the Ecumenical Temple
  3516 | Temple   | Became a worshipper of Warmaster Okawaru
  3849 | D:4      | Reached skill level 6 in Axes
  4077 | D:4      | Found Jul Sagh's Antique Weapon Shoppe.
  4086 | D:4      | Reached XP level 7. HP: 25/60 MP: 6/6
  4288 | D:4      | Reached skill level 5 in Fighting
  4666 | D:4      | Found Foan's Antique Weapon Shoppe.
  4706 | D:5      | Entered Level 5 of the Dungeon
  4796 | D:5      | Reached skill level 7 in Axes
  4830 | D:5      | Reached * piety under Okawaru
  4841 | D:5      | Reached XP level 8. HP: 45/69 MP: 7/7
  4896 | D:5      | Found a glowing drain.
  4905 | Sewer    | Entered a sewer
  5033 | Sewer    | Reached skill level 8 in Axes
  5429 | D:5      | Found a runed translucent door.
  5430 | D:5      | Noticed Crazy Yiuf
  5703 | D:6      | Reached skill level 9 in Axes
  5881 | D:6      | Reached skill level 5 in Shields
  6154 | D:6      | Reached ** piety under Okawaru
  6155 | D:6      | Reached skill level 10 in Axes
  6291 | D:6      | Found Paal's General Store.
  6308 | D:6      | Reached XP level 9. HP: 74/75 MP: 8/8
  6946 | D:7      | Found a bloodstained altar of Trog.
  7027 | D:7      | Reached skill level 11 in Axes
  7640 | D:8      | Reached *** piety under Okawaru
  7708 | D:8      | Found an ornate altar of the Wu Jian Council.
  7826 | D:8      | Reached skill level 12 in Axes
  7881 | D:8      | Found a hide-covered altar of Uskayaw.
  8635 | D:8      | Paralysed by a hornet for 2 turns
  8956 | D:9      | Reached XP level 10. HP: 75/86 MP: 9/9
  8977 | D:9      | Reached **** piety under Okawaru
  9094 | D:9      | Found Leigiodu's General Store.
  9130 | D:9      | Found a shimmering blue altar of Sif Muna.
  9145 | D:9      | Found an ancient bone altar of Kikubaaqudgha.
  9188 | D:9      | Got Kikubaaqudgha's Volume of Profane Arts
  9194 | D:9      | Found a radiant altar of Vehumet.
  9227 | D:9      | Noticed a two-headed ogre
  9238 | D:9      | Killed a two-headed ogre
  9587 | D:9      | Reached skill level 13 in Axes
 10010 | D:9      | Reached skill level 10 in Armour
 10244 | D:9      | Reached skill level 1 in Invocations
 10283 | D:9      | Reached skill level 1 in Throwing
 10293 | D:9      | Reached ***** piety under Okawaru
 10509 | D:9      | Found a staircase to the Lair.
 10611 | D:10     | Entered Level 10 of the Dungeon
 11101 | D:10     | Noticed an eight-headed hydra
 11107 | D:10     | Killed a five-headed hydra
 11108 | D:10     | Reached XP level 11. HP: 91/95 MP: 8/11
 11164 | D:10     | Reached skill level 14 in Axes
 11213 | D:10     | Noticed a five-headed hydra
 11224 | D:10     | Killed a one-headed hydra
 11652 | D:10     | Found a runed translucent gate.
 11654 | D:10     | Noticed brody1818's ghost (journeyman DsGl)
 11656 | D:10     | Found a runed translucent gate.
 11657 | D:10     | Found a runed translucent gate.
 11671 | D:10     | Found a staircase to the Orcish Mines.
 11683 | D:10     | Noticed a sixfirhy
 11685 | D:10     | Received a gift from Okawaru
 11713 | D:10     | Paralysed by a kobold brigand for 3 turns
 12545 | D:10     | Killed brody1818's ghost
 12881 | D:10     | Found Geov's Book Boutique.
 13179 | D:11     | Identified the +1 kite shield of Monotheism {rN+}
 13275 | D:11     | Noticed a white ugly thing
 13294 | D:11     | Killed a white ugly thing
 13965 | D:11     | Reached skill level 10 in Fighting
 13965 | D:11     | Reached skill level 1 in Stealth
 14305 | D:12     | Noticed a two-headed ogre
 14312 | D:12     | Killed a two-headed ogre
 14313 | D:12     | Reached skill level 15 in Axes
 14366 | D:12     | Noticed a deep elf pyromancer
 14371 | D:12     | Killed a deep elf pyromancer
 14477 | D:12     | Reached XP level 12. HP: 106/107 MP: 12/12
 14756 | D:12     | Noticed a two-headed ogre
 14763 | D:12     | Killed a two-headed ogre
 14937 | D:12     | Noticed a two-headed ogre
 14946 | D:12     | Reached ****** piety under Okawaru
 14950 | D:12     | HP: 4/108 [two-headed ogre/+0 giant club (10)]
 14952 | D:12     | Killed a two-headed ogre
 14952 | D:12     | Received a gift from Okawaru
 15691 | D:13     | Noticed a centaur warrior
 15697 | D:13     | Killed a centaur warrior
 15760 | D:13     | Reached skill level 16 in Axes
 15904 | D:13     | Noticed a boulder beetle
 15921 | D:13     | Killed a boulder beetle
 16053 | D:13     | Identified the +0 robe of a Gauntlet {rC+ Str+2}
 16135 | D:13     | Found a gate to the Vaults.
 16135 | D:13     | Noticed a vault guard
 16150 | D:13     | Killed a vault guard
 16223 | D:13     | Noticed a fire dragon
 16236 | D:13     | Killed a fire dragon
 16347 | D:13     | Noticed a centaur warrior
 16354 | D:13     | Killed a centaur warrior
 16354 | D:13     | Identified the +0 broad axe of Veigupu {elec, rPois rN+}
                  | (Okawaru gifted it to you on level 13 of the Dungeon)
 16354 | D:13     | Received a gift from Okawaru
 16385 | D:13     | Noticed a two-headed ogre
 16393 | D:13     | Killed a two-headed ogre
 16394 | D:13     | Reached XP level 13. HP: 116/118 MP: 13/13
 17175 | D:14     | Noticed Josephine
 17183 | D:14     | Killed Josephine
 17184 | D:14     | Reached skill level 10 in Shields
 17485 | Abyss:3  | Cast into level 3 of the Abyss (a wizard)
 17526 | Abyss:3  | HP: 4/95 [poisoned by a swamp dragon (blast of poison)]
 17532 | Abyss:3  | Noticed a tentacled starspawn
 17539 | Abyss:3  | Slain by a tentacled starspawn

Illustrated notes

Levels and vault maps discovered:
D:1:      elethiomel_arrival_quiet, layout_basic,
          shapermc_ecumenical_altar_mp_urbaneastern
D:2:      layout_basic, serial_shops, shop, minmay_between, uniq_jessica
D:3:      layout_loops_cross, grunt_temple_overflow_holy_war, xom_teletrap_fun,
          ebering_ghost_disaster_area, serial_shops,
          nicolae_shop_bloodbath_and_beyond, amcnicky_altar_lugonu_corruption,
          uniq_robin, uniq_sigmund
D:4:      layout_loops_ring, minmay_temple_entry_offerings, serial_shops, shop,
          nicolae_square_shop, nicolae_shop_crystal, shop,
          minmay_misc_feat_enclosed, chequers_arboretum
D:5:      layout_rooms, gup_sewer_entry_bubbles, uniq_crazy_yiuf_cottage
D:6:      layout_loops_corners, serial_shops, shop, grunt_decor_arrowhead,
          minmay_misc_feat_four_crosses
D:7:      layout_basic, trog_butcher_becter, kennysheep_big_empty_room
D:8:      layout_loops_ring, mainiacjoe_overflow_catch_the_wave
D:9:      layout_loops_ring, palyth_temple_overflow_mages, erik_lair_dragon,
          serial_shops, shop
D:10:     layout_loops_cross, orc_0_dummy, gammafunk_ghost_nasty_kobolds,
          serial_shops, nicolae_lakefront_shop
D:11:     layout_roguey
D:12:     layout_loops_corners, hangedman_stone_soup
D:13:     layout_loops_ring, david_vaults_5
D:14:     layout_grid_maze, uniq_josephine
Temple:   nicolae_temple_bog_church
Abyss:3:  base: D:14, nicolae_abyss_rune_left_handed

Skill      XL: |  1  2  3  4  5  6  7  8  9 10 11 12 13 |
---------------+----------------------------------------+-----
Armour         | 4 5 6 7 9 11 12 14 | 14.7
Axes           | 3 4 5 6 7 10 12 13 15 16 | 16.8
Fighting       | 4 5 6 7 8 10 12 | 12.4
Dodging        | 1 2 3 |  3.5
Shields        | 4 5 6 8 9 10 | 10.4
Invocations    | 2 3 |  3.1
Throwing       | 1 |  1.3
Stealth        | 1 |  1.6

Action                   |  1- 3 |  4- 6 |  7- 9 | 10-12 | 13-15 || total
-------------------------+-------+-------+-------+-------+-------++-------
Melee: War axe           |    62 |    86 |   299 |   524 |       ||   971
       Headbutt          |    10 |    14 |    38 |   107 |    19 ||   188
       Broad axe         |       |       |       |     8 |    87 ||    95
Throw: Javelin           |       |       |     1 |     6 |     1 ||     8
Invok: Heroism           |       |       |     3 |    15 |     3 ||    21
Evoke: Wand              |       |       |       |       |     2 ||     2
  Use: Scroll            |     3 |     5 |     6 |     6 |       ||    20
       Potion            |       |     1 |     1 |     3 |     2 ||     7
Armor: Scale mail        |    38 |    30 |    46 |       |       ||   114
       Plate armour      |       |       |    97 |   219 |    46 ||   362
Dodge: Dodged            |    29 |    47 |    93 |   132 |    27 ||   328
       Repelled          |       |       |       |     1 |     2 ||     3
Block: Buckler           |    16 |    21 |    70 |    78 |       ||   185
       Kite shield       |       |       |       |   118 |    48 ||   166
